 Dungeon Crawl Stone Soup version 0.31.0-32-g396128a36d (webtiles) character file.

Game seed: 3922731622000086482

1 spaghetti the Caller (level 1, 0/15 HPs)
             Began as a Naga Summoner on Mar 10, 2024.
             Slain by a jackal (2 damage)
             ... on level 1 of the Dungeon.
             The game lasted 00:00:09 (17 turns).

spaghetti the Caller (Naga Summoner)                  Turns: 17, Time: 00:00:09

Health: 0/15       AC:  1    Str: 10    XL:     1   Next: 20%
Magic:  2/3        EV:  9    Int: 15    God:
Gold:   0          SH:  0    Dex: 11    Spells: 3/4 levels left

rFire   . . .        (no weapon)
rCold   . . .        (no shield)
rNeg    . . .        a - +0 robe
rPois   +            (no helmet)
rElec   .            (no cloak)
rCorr   .            (no gloves)
SInv    +            (no barding)
Will    .....        (no amulet)
Stlth   ++           (no ring)
HPRegen 0.22/turn    (no ring)
MPRegen 0.08/turn

%: no passive effects
@: short of breath, very slow
A: AC +0, large, see invisible, deformed body, poison resistance, slowness 2,
spit poison 1, naga tail 1
a: Spit Poison


You were on level 1 of the Dungeon.
You visited 1 branch of the dungeon, and saw 1 of its levels.

Inventory:

Armour
 a - a +0 robe (worn)
Potions
 b - a potion of magic


   Skills:
 - Level 1.5 Dodging
 - Level 3.0 Stealth
 + Level 2.1 Spellcasting
 - Level 4.0 Summonings


You had 3 spell levels left.
You knew the following spells:

 Your Spells              Type           Power      Damage    Failure   Level
a - Summon Small Mammal   Summ           52%        N/A       4%          1

Your spell library contained the following spells:

 Spells                   Type           Power      Damage    Failure   Level
 Call Imp                 Summ           26%        N/A       6%          2
 Call Canine Familiar     Summ           13%        N/A       13%         3
 Summon Blazeheart Golem  Fire/Summ      7%         N/A       67%         4
 Summon Lightning Spire   Summ/Air       7%         N/A       67%         4


Dungeon Overview and Level Annotations

Branches:
Dungeon (1/15)

Altars:


Innate Abilities, Weirdness & Mutations

Your serpentine skin is tough. (AC +0)
You have supernaturally acute eyesight. (SInv)
Armour fits poorly on your strangely shaped body.
Your system is resistant to poisons. (rPois)
You cover ground very slowly.
You can spit poison.
You have a snake-like lower body.


Message History

Press: ? - help, Shift-Dir - straight line, f - jackal
Aim: a jackal (lightly wounded, ally target, 43% to hit)
The splash of poison misses the jackal.
The jackal bites you.
Your rat bites the jackal.
The jackal bites you.
Unknown command.
Unknown command.
You barely miss the jackal.
The jackal is severely wounded.
The jackal bites you but does no damage.
The jackal bites you.
An endoplasm comes into view.
Your rat bites the jackal.
The jackal dies!
The jackal closely misses you. x2
You swap places.
Your rat misses the jackal.
Your rat bites the jackal.
The jackal barely misses you. The jackal bites you.
Your rat barely misses the jackal. x2; The jackal closely misses you.
You see here 10 gold pieces.
You closely miss the jackal.
The jackal is moderately wounded.
The jackal bites you.
* * * LOW HITPOINT WARNING * * *
The jackal barely misses you.
Your rat barely misses the jackal.
Your rat bites the jackal.
You hit the jackal.
The jackal is almost dead.
You have got your breath back.
The jackal closely misses you. The jackal bites you.
* * * LOW HITPOINT WARNING * * *
The endoplasm hits you but does no damage.
Your rat closely misses the jackal.
Your rat barely misses the jackal.
Unknown command.
Aiming: Spit Poison (3% risk of failure)
Press: ? - help, Shift-Dir - straight line, f - endoplasm
Aim: an endoplasm (96% to hit)
The splash of poison hits the endoplasm.
The endoplasm completely resists.
The jackal bites you.
* * * LOW HITPOINT WARNING * * *
The jackal bites you.
You die...

!♣.♣.$. ...
..♣..... .....#.#
....... .
......#.#
.........♣..
..... ~♣
PP....♣~♣♣♣.!.#
♣~♣
PP..♣~♣...♣..#
♣~♣ PPP♣~♣.....♣
♣~♣ PPP♣~♣......♣
♣~♣ PP♣~♣P..r@J.♣
♣~♣♣♣~♣PPP.rhh.♣
♣~~~♣PPPPP...♣..#
♣~<~♣PPPPP..♣...#
♣~~~♣ P....♣..#
♣~♣♣♣~♣ ......♣.#
♣~♣ ♣~♣P......♣.#
♣~♣ ♣~♣......♣ .
♣~♣ ♣~♣.....♣


You could see an endoplasm, 2 jackals and 2 friendly rats.

Vanquished Creatures (collateral kills)
  A jackal (D:1)
1 creature vanquished.

Notes
Turn   | Place    | Note
-------+----------+-------------------------------------------
     0 | D:1      | spaghetti the Naga Summoner began the quest for the Orb.
     0 | D:1      | Reached XP level 1. HP: 15/15 MP: 3/3
    17 | D:1      | Slain by a jackal

Illustrated notes

Levels and vault maps discovered:
D:1:      orjb1_clovarrival, layout_loops_ring, hangedman_decor_points

Action                     || total
---------------------------++-------
  Melee: Unarmed           ||     5
   Cast: Summon Small Mamm ||     2
Ability: Spit Poison       ||     2
 Armour: Robe              ||    13
  Dodge: Dodged            ||     7
